 Dungeon Crawl Stone Soup version 0.24.0-37-gcf1ca852f1 (webtiles) character file.

Game seed: 4414070686792178795, levelgen mode: deterministic

48 Gruesph the Magician (level 3, -1/28 HPs)
             Began as a Draconian Wizard on Nov 26, 2019.
             Slain by a quasit (2 damage)
             ... on level 2 of the Dungeon.
             The game lasted 00:08:57 (2717 turns).

Gruesph the Magician (Draconian Wizard)             Turns: 2717, Time: 00:08:57

Health: -1/28      AC:  5    Str:  9      XL:     3   Next: 50%
Magic:  1/7        EV: 11    Int: 19      God:
Gold:   29         SH:  0    Dex:  2 (9)  Spells: 3/8 levels left

rFire    . . .     SeeInvis .   b - +0 whip
rCold    . . .     Gourm    .   (no shield)
rNeg     . . .     Faith    .   (armour unavailable)
rPois    .         Spirit   .   i - +0 hat
rElec    .         Reflect  .   (no cloak)
rCorr    .         Harm     .   (no gloves)
MR       .....                  (no boots)
Stlth    +.........             (no amulet)
HPRegen  0.09/turn              (no ring)
MPRegen  0.10/turn              (no ring)

@: no status effects
A: unfitting armour, cold-blooded, AC +5
a: no special abilities


You were on level 2 of the Dungeon.
You were not hungry.

You visited 1 branch of the dungeon, and saw 2 of its levels.

You collected 29 gold pieces.

Inventory:

Hand Weapons
 a - a +0 hunting sling
 b - a +0 whip (weapon)
Missiles
 k - a stone (quivered)
Armour
 i - a +0 hat (worn)
Scrolls
 c - a scroll of identify {unknown}
 d - a scroll of fear {unknown}
 e - a scroll of fog {unknown}
 h - a scroll of enchant weapon {unknown}
Comestibles
 f - a ration


   Skills:
 + Level 1.5 Fighting
 - Level 1.7 Dodging
 - Level 1.7 Stealth
 + Level 3.3 Spellcasting
 + Level 1.8 Conjurations
 + Level 1.4 Summonings
 + Level 1.4 Translocations


You had 3 spell levels left.
You knew the following spells:

 Your Spells              Type           Power        Failure   Level  Hunger
a - Magic Dart            Conj           ##..         7%          1    None
b - Call Imp              Summ           #.......     12%         2    ##.....
z - Blink                 Tloc           N/A          12%         2    ##.....

Your spell library contained the following spells:

 Spells                   Type           Power        Failure   Level  Hunger
 Slow                     Hex            #.......     22%         2    ##.....
 Conjure Flame            Conj/Fire      #.......     30%         3    ###....
 Mephitic Cloud           Conj/Pois/Air  #.......     34%         3    ###....


Dungeon Overview and Level Annotations

Branches:
Dungeon (2/15)

Altars:


Innate Abilities, Weirdness & Mutations

Your plain brown scales are hard. (AC +5)
You cannot fit into any form of body armour.
You are cold-blooded and may be slowed by cold attacks.


Message History

The bat closely misses you.
The quasit bites you but does no damage.
The quasit claws you.
* * * LOW HITPOINT WARNING * * *
The quasit claws you.
* * * LOW HITPOINT WARNING * * *
The quasit bites you but does no damage.
The quasit barely misses you. The quasit closely misses you.
You closely miss the quasit.
The quasit is heavily wounded.
The bat misses you.
The quasit bites you but does no damage.
The quasit barely misses you. The quasit closely misses you.
You barely miss the quasit.
The quasit is heavily wounded.
The bat misses you. The quasit misses you.
The quasit claws you but does no damage. x2
The quasit closely misses you. The quasit barely misses you.
The quasit claws you.
You die...

#+#............#
####.#............#
....................
..#.................
#.................
#....##...###..... ###.#
#...#######. #. #...5....###+ #..
#....@........ ... .... #...
####.....###.#.... ..... ...
#...b........#.... .........
#.##.######....... .....#.#
#.##.####......... #.#...#.#
#.##+##...........
#.#...#.###.....#...........
##.#.............#.............#
.........####.......S#.........##


You could see a quasit and a bat.

Vanquished Creatures
  An adder (D:1)
  3 dart slugs (D:1)
  A leopard gecko (D:1)
  2 giant cockroaches
  2 goblins (D:1)
  3 hobgoblins
  4 jackals (D:1)
  A bat (D:1)
  2 frilled lizards
  13 rats (D:1)
32 creatures vanquished.

Vanquished Creatures (collateral kills)
  A dart slug (D:1)
  3 hobgoblins
4 creatures vanquished.

Grand Total: 36 creatures vanquished

Notes
Turn   | Place    | Note
-------+----------+-------------------------------------------
     0 | D:1      | Gruesph the Draconian Wizard began the quest for the Orb.
     0 | D:1      | Reached XP level 1. HP: 14/14 MP: 4/4
   119 | D:1      | Reached skill level 1 in Fighting
   119 | D:1      | Reached XP level 2. HP: 6/23 MP: 0/6
   435 | D:1      | Learned a level 2 spell: Blink
   438 | D:1      | Learned a level 2 spell: Call Imp
   472 | D:1      | You fall into a shaft and drop 1 floor!
  1257 | D:1      | Reached XP level 3. HP: 28/28 MP: 4/7
  2715 | D:2      | HP: 1/28 [quasit (1)]
  2717 | D:2      | Slain by a quasit

Levels and vault maps discovered:
D:1:      erik_arrival_orb_chamber, layout_loops_corners, serial_bayou_pond_c
D:2:      layout_basic

Skill      XL: |  1 |
---------------+----+-----
Fighting       | 1 |  1.5
Dodging        | |  1.7
Stealth        | |  1.7
Spellcasting   | |  3.3
Conjurations   | |  1.8
Summonings     | |  1.4
Translocations | |  1.4

Action                   || total
-------------------------++-------
Melee: Unarmed           ||    43
       Tailslap          ||     4
       Club              ||    34
       Whip              ||    20
       Hunting sling     ||     4
 Fire: Hunting sling     ||     1
Throw: Stone             ||     1
 Cast: Magic Dart        ||    92
       Call Imp          ||     9
  Use: Potion            ||     2
  Eat: Chunk             ||     4
       Ration            ||     1
Armor: Skin              ||    90
Dodge: Dodged            ||   146
